 Dungeon Crawl Stone Soup version 0.29.0-11-gd7f09526c8 (webtiles) character file.

Game seed: 10094878527425298955

287 Arum the Covered (level 6, -2/30 (51) HPs)
             Began as a Formicid Fighter on Sept 6, 2022.
             Was an Initiate of Qazlal.
             Slain by Duvessa
             ... wielding a +0 short sword of electrocution
              (10 damage)
             ... on level 4 of the Dungeon.
             The game lasted 00:05:38 (3622 turns).

Arum the Covered (Formicid Fighter)                 Turns: 3622, Time: 00:05:39

HP:   -2/30 (51)    AC: 12    Str: 23    XL:     6   Next: 56%
MP:   6/6           EV:  6    Int:  7    God:    Qazlal [......]
Gold: 81            SH:  5    Dex: 13    Spells: 5/5 levels left

rFire   . . .      SeeInvis +   a - +0 war axe
rCold   . . .      Faith    .   c - +0 buckler
rNeg    . . .      Spirit   .   q - +0 plate armour
rPois   .          Reflect  .   (helmet unavailable)
rElec   .          Harm     .   (no cloak)
rCorr   .          Rampage  .   (no gloves)
Will    .....                   (no boots)
Stlth   ..........              (no amulet)
HPRegen 0.10/turn               (no ring)
MPRegen 0.10/turn               (no ring)

@: mighty, lit by a corona, glowing, very heavily drained
A: permanent stasis, dig shafts and tunnels, antennae 3, four strong arms
a: Dig, Shaft Self, Renounce Religion


You were on level 4 of the Dungeon.
You worshipped Qazlal.
Qazlal was noncommittal.
You visited 1 branch of the dungeon, and saw 4 of its levels.

You collected 169 gold pieces.
You spent 88 gold pieces at shops.

Inventory:

Hand Weapons
 a - a +0 war axe (weapon)
Armour
 c - a +0 buckler (worn)
 q - a +0 plate armour (worn)
Scrolls
 b - 2 scrolls of torment {unknown}
 e - a scroll of poison {unknown}
 f - a scroll of vulnerability {unknown}
 h - a scroll of immolation {unknown}
 j - a scroll of butterflies {unknown}
 k - 2 scrolls of enchant armour {unknown}
 l - 3 scrolls of teleportation {unknown}
 m - a scroll of magic mapping {unknown}
 n - a scroll of noise
 s - a scroll of fear
 t - a scroll of silence {unknown}
 u - a scroll of blinking {unknown}
Potions
 g - a potion of flight
 i - a potion of invisibility
 o - a potion of curing
 p - a potion of magic {unknown}
 r - a potion of heal wounds {unknown}


   Skills:
 + Level 5.0 Fighting
 + Level 4.0 Axes
 + Level 5.1 Armour
 - Level 4.0 Shields


You had 5 spell levels left.
You didn't know any spells.
Your spell library contained the following spells:

 Spells                   Type           Power      Damage    Failure   Level
 Gell's Gravitas          Tloc           0%         N/A       100%        3
 Teleport Other           Tloc           0%         N/A       100%        3
 Dispersal                Tloc           0%         N/A       100%        6


Dungeon Overview and Level Annotations

Branches:
Dungeon (4/15)             Temple (0/1) D:4

Altars:
Fedhas
Hepliaklqana
Kikubaaqudgha
Qazlal

Shops:
D:1 :?(=(   D:4 ?

Annotations:
D:4 exclusion: 4 oklob plants, Dowan, Duvessa


Innate Abilities, Weirdness & Mutations

You cannot be hasted, slowed, berserked, paralysed or teleported.
You can dig through walls and to a lower floor.
You have a pair of large antennae on your head. (SInv)
Your four strong arms can wield two-handed weapons with a shield.


Message History

You slash the goblin!
You kill the goblin!
Qazlal accepts your kill.
You hit the goblin.
You kill the goblin!
Qazlal accepts your kill.
Unknown command.
You slash the endoplasm!
You kill the endoplasm!
Qazlal accepts your kill.
You barely miss the goblin.
A goblin comes into view. It is wielding a +0 dagger.
Dowan gestures at you while chanting. The puff of frost misses you.
The goblin hits you but does no damage. x2
You slash the hobgoblin!
You kill the hobgoblin!
Qazlal accepts your kill.
You barely miss the goblin. The goblin hits you but does no damage.
Dowan points at you and mumbles some strange words.
You are outlined in light.
Unknown command.
Unknown command.
You feel very mighty all of a sudden. The goblin hits you but does no damage.
Duvessa hits you with a +0 short sword of electrocution!
You are electrocuted!!
Ouch! That really hurt!
* * * LOW HITPOINT WARNING * * *
You slice Duvessa!!
Duvessa is severely wounded.
You slash the goblin!
You kill the goblin!
Qazlal accepts your kill. Duvessa hits you but does no damage.
Dowan mumbles some strange words.
Dowan blinks!
You feel better.
A goblin comes into view. It is wielding a +0 club.
Duvessa hits you but does no damage.
You are electrocuted!
You die...

#.....##.....# h. #......#
+.....##.##..< .e##......#
#..........#(. ##.#......#
#............. .........#
#....####..###
{#g......#####.#..<..<.#..
{#....eg(#.....#...#...#.#
{#.#..§.)#.#####.#........
#.....e@..# #.#..###...
#...#..##††# #.#........
.....#....#.....#.#..##....
#.>. ####..#.##.#.#.###....
... ..... ........... ..
###### ###.#####. . # #.
..... .. #......#######.


You could see Duvessa, Dowan and 2 goblins.

Vanquished Creatures
  2 iguanas
  Natasha (twice) (D:4)
  4 gnolls (D:2)
  4 adders
  A worm (D:4)
  3 dart slugs
  3 orcs (D:3)
  14 endoplasms
  4 giant cockroaches
  14 goblins
  6 hobgoblins
  8 jackals (D:1)
  5 kobolds
  2 quokkas (D:1)
  8 ball pythons
  5 bats
  5 frilled lizards
  4 rats
94 creatures vanquished.

Vanquished Creatures (others)
  A ballistomycete spore (D:2)
  7 plants (D:4)
8 creatures vanquished.

Grand Total: 102 creatures vanquished

Notes
Turn   | Place    | Note
-------+----------+-------------------------------------------
     0 | D:1      | Arum the Formicid Fighter began the quest for the Orb.
     0 | D:1      | Reached XP level 1. HP: 18/18 MP: 1/1
    42 | D:1      | Found Xofuoqoq's Magic Scroll Emporium.
    83 | D:1      | Reached XP level 2. HP: 24/24 MP: 2/2
   270 | D:1      | Reached XP level 3. HP: 26/30 MP: 3/3
   307 | D:1      | Found a faded altar of an unknown god.
   348 | D:1      | Prayed at the altar of an unknown god.
   348 | D:1      | Became a worshipper of Fedhas Madash
   348 | D:1      | Reached * piety under Fedhas
   349 | D:1      | Fell from the grace of Fedhas
   529 | D:1      | Found Enalalua's Antique Weapon Shop.
   659 | D:1      | Found Wonteu's Jewellery Shoppe.
   753 | D:1      | Found Nyd Vexu's Book Boutique.
  1081 | D:1      | Found Litunoic's Weapon Shoppe.
  1106 | D:1      | Reached XP level 4. HP: 34/37 MP: 4/4
  1203 | D:1      | Bought a scroll of identify for 24 gold pieces
  1203 | D:1      | Bought a scroll of noise for 12 gold pieces
  1427 | D:2      | Reached XP level 5. HP: 24/42 MP: 5/5
  2457 | D:3      | Found a large runed translucent door.
  2458 | D:3      | Found a large runed translucent door.
  2503 | D:3      | Found a stormy altar of Qazlal.
  2513 | D:3      | Found a hazy altar of Hepliaklqana.
  2521 | D:3      | Became a worshipper of Qazlal Stormbringer
  2763 | D:4      | Noticed Natasha
  2763 | D:4      | Found Nafyng's Magic Scroll Boutique.
  2783 | D:4      | Killed Natasha
  2784 | D:4      | Reached XP level 6. HP: 14/50 MP: 6/6
  3053 | D:4      | Bought a scroll of fear for 52 gold pieces
  3064 | D:4      | Found an ancient bone altar of Kikubaaqudgha.
  3111 | D:4      | Reached skill level 5 in Armour
  3268 | D:4      | Noticed a wandering mushroom
  3268 | D:4      | Noticed an oklob plant
  3268 | D:4      | Noticed an oklob plant
  3268 | D:4      | Noticed an oklob plant
  3268 | D:4      | Noticed a wandering mushroom
  3268 | D:4      | Noticed an oklob plant
  3597 | D:4      | Noticed Natasha
  3602 | D:4      | Killed Natasha
  3603 | D:4      | Reached skill level 5 in Fighting
  3610 | D:4      | Noticed Duvessa
  3611 | D:4      | Found a staircase to the Ecumenical Temple.
  3611 | D:4      | Noticed Dowan
  3622 | D:4      | Slain by Duvessa

Illustrated notes

Levels and vault maps discovered:
D:1:      dpeg_arrival_three_same_balls, layout_basic, serial_shops, shop,
          nicolae_shop_trees, shop, nicolae_shop_stone,
          nicolae_shop_statue_plus, hellmonk_ecumenical_altar_leap_of_faith,
          hangedman_decor_clover_reticule
D:2:      layout_basic
D:3:      layout_basic, jmf_multi_god_temple2, nrook_mini_vaults
D:4:      layout_basic, mainiacjoe_overflow_catwalk, minmay_temple_entry_arrows,
          serial_bayou, serial_bayou_pond_c, serial_bayou_lagoon_a,
          serial_bayou_pond_b, serial_bayou_pond_d, serial_shops,
          nicolae_stop_n_shop_1, supply_closet_lemuel, uniq_natasha,
          uniq_sigmund, uniq_duvessa, uniq_robin

Skill      XL: |  1  2  3  4  5  6 |
---------------+-------------------+-----
Armour         | 4 5 |  5.1
Fighting       | 4 5 |  5.0
Axes           | 3 4 |  4.0
Shields        | |  4.0

Action                   |  1- 3 |  4- 6 || total
-------------------------+-------+-------++-------
Melee: War axe           |    80 |   149 ||   229
Invok: Renounce Religion |     1 |       ||     1
 Abil: Dig               |       |     3 ||     3
  Use: Scroll            |       |     5 ||     5
       Potion            |       |     2 ||     2
Armor: Scale mail        |    36 |    14 ||    50
       Plate armour      |       |    78 ||    78
Dodge: Dodged            |    31 |    34 ||    65
Block: Buckler           |    17 |    38 ||    55
